 Dungeon Crawl Stone Soup version 0.31.0-12-g77e489cdc1 (webtiles) character file.

Game seed: 2735456972738703109

956 ChrisAssaf the Gusty (level 8, -5/56 HPs)
             Began as a Human Air Elementalist on Feb 14, 2024.
             Killed from afar by a steam dragon (16 damage)
             ... with a ball of steam
             ... on level 5 of the Dungeon.
             The game lasted 00:14:17 (3368 turns).

ChrisAssaf the Gusty (Human Air Elementalist)       Turns: 3368, Time: 00:14:17

Health: -5/56      AC:  4    Str: 10    XL:     8   Next: 14%
Magic:  12/12      EV: 13    Int: 16    God:
Gold:   177        SH:  0    Dex: 14    Spells: 0/13 levels left

rFire   . . .        g - +0 quarterstaff
rCold   . . .        (shield currently unavailable)
rNeg    . . .        a - +2 robe
rPois   .            (no helmet)
rElec   .            (no cloak)
rCorr   .            (no gloves)
SInv    .            (no boots)
Will    .....        f - amulet of faith
Stlth   ++           (no ring)
HPRegen 0.29/turn    (no ring)
MPRegen 0.13/turn

%: faith
@: no status effects
A: explore regen
a: no special abilities


You were on level 5 of the Dungeon.
You visited 1 branch of the dungeon, and saw 5 of its levels.
You also visited: Ossuary.

You collected 177 gold pieces.

Inventory:

Hand Weapons
 g - a +0 quarterstaff (weapon)
 l - a +0 sling of freezing
Armour
 a - a +2 robe (worn)
Jewellery
 f - an amulet of faith (around neck)
Wands
 o - a wand of roots (8)
Scrolls
 c - a scroll of teleportation
 m - 2 scrolls of fog
 t - a scroll of enchant armour
Potions
 b - 3 potions of ambrosia
 d - 2 potions of curing
 i - 4 potions of haste
 j - 4 potions of brilliance
 p - a potion of magic
 q - a potion of mutation {unknown}
 r - 2 potions of attraction {unknown}
 s - a potion of enlightenment {unknown}
 u - a potion of berserk rage {unknown}


   Skills:
 * Level 2.1 Fighting
 * Level 2.8 Staves
 * Level 1.3 Ranged Weapons
 * Level 1.7 Throwing
 * Level 2.2 Armour
 * Level 3.1 Dodging
 * Level 3.3 Stealth
 * Level 3.2 Spellcasting
 * Level 2.8 Conjurations
 * Level 1.5 Hexes
 * Level 4.6 Air Magic
 * Level 1.8 Evocations


You couldn't memorise any spells.
You knew the following spells:

 Your Spells              Type           Power      Damage    Failure   Level
a - Shock                 Conj/Air       56%        1d6       4%          1
b - Static Discharge      Conj/Air       28%        3-5/arc   6%          2
c - Swiftness             Air            17%        N/A       9%          3
d - Tukima's Dance        Hex            7%         N/A       28%         3
e - Airstrike             Air            8%         2d(2-18)  26%         4

Your spell library contained the following spells:

 Spells                   Type           Power      Damage    Failure   Level
 Iskenderun's Mystic Bla  Conj/Tloc      7%         2d4       71%         4
 Dimensional Bullseye     Hex/Tloc       2%         N/A       78%         4


Dungeon Overview and Level Annotations

Branches:
Dungeon (5/15)            Ossuary (visited)
 Temple: D:4-7

Altars:
The Shining One


Innate Abilities, Weirdness & Mutations

You regain HP and MP as you explore.


Message History

The steam dragon is lightly wounded.
You are engulfed in a cloud of scalding steam.
* * * LOW HITPOINT WARNING * * *
The steam dragon bites you!
* * * LOW HITPOINT WARNING * * *
The steam dragon completely misses you.
Okay, then.
As you read the scroll of fear, it crumbles to dust.
You assume a fearsome visage.
The steam dragon looks frightened!
Things that are here:
a +0 dagger of protection; an orc corpse
Things that are here:
a +0 mace; a +0 ring mail The steam dragon seems to regain its courage.
You see here a javelin.
You see here a javelin.
Aiming: Fastroot
Press: ? - help, Shift-Dir - straight line, f - steam dragon
Aim: a steam dragon (lightly wounded)
The roots erupt in riotous growth!
Roots grab the steam dragon.
The grasping roots constrict the steam dragon.
The steam dragon breathes steam at you. The ball of steam hits you!
* * * LOW HITPOINT WARNING * * *
The roots lose their grip on something.
Things that are here:
a +0 mace; a +0 ring mail You feel better.
Aiming: Fastroot
Press: ? - help, Shift-Dir - straight line, f/p - steam dragon
Aim: a steam dragon (moderately wounded)
The roots erupt in riotous growth!
Roots grab the steam dragon.
The grasping roots constrict the steam dragon.
The steam dragon struggles to escape constriction.
The grasping roots constrict the steam dragon.
The steam dragon breathes steam at you. The ball of steam hits you!
You die...

#####...#
#.....##
#..##...#
#......#
...##...#
#......#
....#...#
#......#
#..##...#
#......#
#..##...#
#......#
........#
#......#
........#
#..)...#
........#
#.@))..#
♣♣.♣.####
#.§....#
...♣.#
#.§....#
.♣.♣.#
#.D.)..#
.♣.♣.#
#...((.#
.♣.♣.#
#......#
...♣.#
#......#
♣♣.♣.#
#.....##
.....#
#.....#


There were no monsters in sight!

Vanquished Creatures
  A black bear (D:5)
  An ogre (D:5)
  3 bullfrog zombies (Ossuary)
  3 hounds
  2 bombardier beetles (D:3)
  2 orc priests (D:5)
  A sleepcap (D:5)
  An iguana (D:4)
  4 crocodile zombies (Ossuary)
  4 hound zombies (Ossuary)
  6 mummies (Ossuary)
  5 howler monkey zombies (Ossuary)
  4 gnolls (D:5)
  6 adders
  A dart slug (D:1)
  8 orcs
  2 endoplasms
  2 giant cockroaches
  A hobgoblin (D:2)
  A kobold (D:1)
  3 quokkas
  3 ball pythons
  2 ball python zombies (Ossuary)
  3 bats
  A frilled lizard (D:1)
  3 rats
73 creatures vanquished.

Notes
Turn   | Place    | Note
-------+----------+-------------------------------------------
     0 | D:1      | ChrisAssaf the Human Air Elementalist began the quest for
                  | the Orb.
     0 | D:1      | Reached XP level 1. HP: 13/13 MP: 3/3
   179 | D:1      | Reached XP level 2. HP: 20/20 MP: 0/5
   182 | D:1      | Learned a level 2 spell: Static Discharge
   605 | D:2      | Reached XP level 3. HP: 20/25 MP: 0/6
   654 | D:2      | Learned a level 3 spell: Swiftness
   761 | D:3      | Reached XP level 4. HP: 21/31 MP: 0/7
   932 | D:3      | Reached skill level 1 in Fighting
  1345 | D:4      | Reached skill level 4 in Air Magic
  1345 | D:4      | Reached XP level 5. HP: 14/37 MP: 0/8
  1389 | D:4      | Reached skill level 1 in Armour
  1654 | D:4      | Reached skill level 1 in Staves
  1667 | D:4      | Learned a level 3 spell: Tukima's Dance
  1777 | D:5      | Entered Level 5 of the Dungeon
  1826 | D:5      | Noticed a black bear
  1835 | D:5      | Killed a black bear
  1836 | D:5      | Reached XP level 6. HP: 29/43 MP: 2/10
  1843 | D:5      | Found a glowing golden altar of the Shining One.
  1957 | D:5      | Reached skill level 1 in Throwing
  2010 | D:5      | Found a sand-covered staircase.
  2015 | Ossuary  | Entered an ossuary
  2041 | Ossuary  | Reached skill level 1 in Evocations
  2069 | Ossuary  | Reached XP level 7. HP: 37/48 MP: 3/11
  2116 | Ossuary  | Reached skill level 1 in Hexes
  2531 | Ossuary  | Reached skill level 1 in Ranged Weapons
  3028 | D:5      | Reached XP level 8. HP: 20/56 MP: 12/12
  3112 | D:5      | Learned a level 4 spell: Airstrike
  3362 | D:5      | HP: 2/56 [something/ball of steam (10)]
  3368 | D:5      | Killed from afar by a steam dragon

Illustrated notes

Levels and vault maps discovered:
D:1:      mainiacjoe_arrival_oval_in_oval, layout_rooms, serial_shops, shop,
          minmay_misc_feat_encased, minivault_14
D:2:      layout_basic
D:3:      layout_basic, amcnicky_altar_gilded
D:4:      layout_loops_cross
D:5:      wander_guarded_unrand_ratskin, layout_gridville,
          mainiacjoe_overflow_cross_hatched, enter_ossuary_2

Skill      XL: |  1  2  3  4  5  6  7 |
---------------+----------------------+-----
Fighting       | 1 2 |  2.1
Air Magic      | 4 |  4.6
Armour         | 1 2 |  2.2
Staves         | 1 2 |  2.8
Conjurations   | 2 |  2.8
Throwing       | 1 |  1.7
Evocations     | 1 |  1.8
Stealth        | 3 |  3.3
Spellcasting   | 3 |  3.2
Hexes          | 1 |  1.5
Dodging        | 3 |  3.1
Ranged Weapons | 1 |  1.3

Action                     |  1- 3 |  4- 6 |  7- 9 || total
---------------------------+-------+-------+-------++-------
  Melee: Unarmed           |     1 |       |       ||     1
         Quarterstaff      |     7 |    33 |    59 ||    99
   Fire: Sling             |       |     7 |       ||     7
  Throw: Javelin           |       |    13 |    12 ||    25
   Cast: Shock             |    21 |     5 |     3 ||    29
         Static Discharge  |    11 |    26 |    42 ||    79
  Evoke: Wand              |       |     3 |     7 ||    10
    Use: Potion            |     1 |     2 |     3 ||     6
         Scroll            |     5 |     7 |     7 ||    19
   Stab: Sleeping          |     1 |     2 |       ||     3
 Armour: Robe              |    52 |    79 |   102 ||   233
  Dodge: Dodged            |    58 |    46 |    57 ||   161
